Map: Ephemeron LE

Players

puCK (Nina)

  • Race: Protoss Protoss
  • League: Grandmaster
  • Spawn Location: 11:00

thermostaat (uThermal) - Winner!

  • Race: Terran Terran
  • Spawn Location: 5:00

Event: Cheeseadelphia XI, Cheeseadelphia XI

VOD

Have the link to the VOD?

Description

Time

  • Played on: Dec. 15, 2019, 1:37 p.m.
  • Length: 9:35

All games in this series

Show
View Real Time Build Order
Export as new Build Order

puCK Protoss 

Build Orders: 1 Gate Expand 

Get SALT Encoding   

  12  0:00  Probe  
  13  0:13  Probe  
  14  0:17  Pylon  
  14  0:25  Probe (Chrono Boost)  
  15  0:37  Probe (Chrono Boost)  
  15  0:39  Gateway  
  16  0:45  Probe (Chrono Boost)  
  17  0:51  Probe, Assimilator  
  18  1:03  Probe  
  19  1:15  Probe  
  20  1:27  Cybernetics Core  
  20  1:34  Nexus  
  21  1:43  Zealot (Chrono Boost)  
  22  1:48  Pylon  
  22  1:52  Probe  
  23  1:57  Assimilator  
  22  2:04  Stalker (Chrono Boost)  
  21  2:28  Robotics Facility  
  21  2:35  Stalker (Chrono Boost)  
  22  2:40  Probe  
  23  2:51  Warp Gate  
  23  2:57  Probe  
  18  3:09  Probe  
  16  3:18  Warp Prism (Chrono Boost)  
  16  3:21  Probe  
  19  3:33  Probe  
  20  3:45  Probe  
  22  3:55  Pylon, Observer  
  22  3:57  Probe  
  23  4:06  Nexus  
  23  4:13  Probe  
  24  4:25  Probe (Chrono Boost)  
  26  4:38  Probe (Chrono Boost)  
  26  4:47  Nexus  
  26  4:51  Probe  
  27  5:03  Probe  
  28  5:09  Twilight Council  
  28  5:16  Probe (Chrono Boost)  
  30  5:21  Probe (Chrono Boost)  
  30  5:28  Probe (Chrono Boost)  
  32  5:36  Probe x2 (Chrono Boost)  
  32  5:42  Probe  
  33  5:43  Probe  
  33  5:46  Charge  
  33  5:49  Gateway  
  35  5:54  Probe  
  35  5:55  Gateway  
  35  5:56  Probe  
  37  6:06  Probe  
  37  6:10  Probe  
  40  6:14  Pylon  
  39  6:21  Gateway  
  39  6:24  Zealot  
  40  6:26  Probe  
  40  6:28  Probe  
  40  6:30  Probe  
  44  6:40  Gateway  
  44  6:42  Probe x2 (Chrono Boost)  
  44  6:44  Sentry  
  44  6:45  Probe (Chrono Boost)  
  48  6:47  Zealot  
  48  6:51  Zealot  
  48  6:53  Probe (Chrono Boost)  
  53  6:57  Probe (Chrono Boost)  
  53  6:58  Probe x2  
  56  7:04  Gateway  
  56  7:08  Probe, Zealot  
  56  7:09  Sentry  
  56  7:12  Probe  
  56  7:13  Pylon  
  62  7:16  Zealot  
  62  7:19  Probe  
  62  7:22  Pylon, Probe  
  66  7:25  Zealot  
  66  7:26  Probe  
  69  7:30  Pylon  
  69  7:33  Zealot  
  71  7:38  Probe  
  71  7:39  Probe  
  71  7:42  Zealot x2  
  77  7:49  Gateway  
  78  7:52  Zealot  
  78  7:53  Zealot  
  78  7:55  Pylon  
  81  7:58  Probe  
  81  8:00  Zealot x2  
  85  8:06  Zealot x2  
  85  8:07  Probe  
  85  8:08  Probe  
  85  8:10  Probe  
  87  8:18  Zealot  
  87  8:19  Probe  
  90  8:20  Stalker  
  90  8:21  Probe  
  90  8:25  Probe  
  93  8:32  Probe  
  94  8:36  Templar Archives, Probe  
  94  8:37  Gateway  
  94  8:39  Zealot x2  
  94  8:40  Zealot  
  101  8:42  Pylon  
  99  8:50  Pylon  
  93  9:08  Zealot x4  
  93  9:09  Zealot x3  
  107  9:12  Zealot x5  
  107  9:14  Probe x2  
  107  9:16  Gateway  
  103  9:17  Gateway  
  103  9:18  Gateway  
Show
View Real Time Build Order
Export as new Build Order

thermostaat Terran - Winner!

Build Orders:  

Get SALT Encoding   

  12  0:01  SCV  
  13  0:13  SCV  
  14  0:18  Supply Depot  
  14  0:25  SCV  
  15  0:40  Barracks  
  15  0:51  Barracks  
  15  0:55  SCV  
  16  1:07  SCV  
  16  1:09  Refinery  
  17  1:19  SCV  
  18  1:27  Marine  
  18  1:31  Orbital Command  
  19  1:38  Marine  
  19  1:39  Supply Depot  
  20  1:45  Marine  
  21  1:50  Bunker  
  21  1:57  Marine  
  22  2:03  Marine  
  22  2:07  SCV  
  24  2:15  Marine  
  24  2:24  SCV  
  24  2:26  Marine  
  24  2:27  Factory  
  26  2:38  SCV  
  27  2:50  SCV  
  28  3:02  SCV  
  29  3:12  Command Center  
  26  3:15  Factory Tech Lab, SCV  
  26  3:17  Starport  
  26  3:20  Refinery  
  26  3:27  SCV  
  26  3:33  Supply Depot  
  27  3:37  Cyclone  
  27  3:41  SCV  
  31  3:54  SCV, Viking  
  34  4:02  Barracks Reactor  
  34  4:07  SCV  
  34  4:08  Barracks  
  35  4:19  SCV  
  36  4:26  Siege Tank  
  36  4:27  Orbital Command  
  36  4:31  SCV  
  40  4:37  Engineering Bay  
  40  4:38  Marine x2  
  42  4:43  SCV  
  43  4:50  Starport Tech Lab  
  42  4:55  SCV, Marine x2  
  42  4:56  Marine  
  42  4:58  Siege Tank  
  42  4:59  Orbital Command  
  49  5:06  Supply Depot  
  49  5:07  SCV  
  49  5:11  Missile Turret  
  49  5:13  Marine x3  
  53  5:30  Siege Tank  
  53  5:31  Orbital Command  
  53  5:32  Supply Depot  
  53  5:35  Marine x2  
  56  5:41  SCV  
  58  5:45  Stimpack, Marine  
  59  5:51  Barracks  
  59  5:53  SCV  
  60  5:57  SCV  
  60  5:59  Marine  
  60  6:02  Starport Reactor  
  62  6:05  SCV  
  62  6:08  Terran Infantry Weapons Level 1  
  62  6:09  SCV  
  63  6:11  Marine, Refinery  
  63  6:14  Marine  
  63  6:17  SCV  
  66  6:21  Missile Turret, SCV, Marine  
  66  6:22  Supply Depot  
  68  6:30  SCV  
  68  6:32  Marine  
  70  6:33  Supply Depot  
  70  6:43  Marine x2  
  70  6:44  SCV x2, Siege Tank  
  70  6:46  Marine  
  78  6:47  Supply Depot  
  78  6:55  Supply Depot, Medivac  
  78  6:56  SCV x2  
  78  6:57  Medivac  
  78  6:58  Marine  
  85  7:02  Marine  
  86  7:08  Supply Depot  
  86  7:09  SCV, Marine x2  
  89  7:16  Siege Tank  
  89  7:17  Marine  
  89  7:18  Supply Depot  
  93  7:25  Combat Shield, Marine  
  93  7:26  Marine  
  95  7:32  Marine  
  96  7:40  Marine  
  96  7:41  Command Center  
  96  7:42  Medivac  
  96  7:43  Marine  
  100  7:49  Supply Depot, Siege Tank  
  103  7:51  SCV  
  103  7:52  SCV  
  103  7:54  Marine  
  106  7:59  Marine x2  
  106  8:01  Marine  
  109  8:10  Medivac  
  109  8:12  Marine  
  110  8:15  Supply Depot  
  110  8:17  Marine x2  
  110  8:19  Marine  
  112  8:26  Siege Tank  
  116  8:34  Marine  
  116  8:35  Marine  
  116  8:36  Supply Depot  
  116  8:37  Barracks Reactor, Marine  
  118  8:42  Medivac  
  118  8:43  Barracks  
  118  8:48  Medivac  
  119  8:52  Barracks, Marine x2  
  119  8:54  Marine  
  122  8:55  Orbital Command  
  125  9:10  Marine x2  
  125  9:12  Marine  
Tags
 
Add a new tag
Caveats
  • Supply blocks, unpowered buildings, or Contaminate may cause inaccurate times.
  • Supply counts are checked every 10 seconds.